 Dungeon Crawl Stone Soup version 0.18.1-6-gd335043 (webtiles) character file.

113 nubinia the Grave Robber (level 4, -1/30 HPs)
             Began as a Demonspawn Necromancer on May 15, 2016.
             Slain by a gnoll
             ... wielding a +0 spear
              (3 damage)
             ... on level 3 of the Dungeon.
             The game lasted 00:15:07 (2770 turns).

nubinia the Grave Robber (Demonspawn Necromancer)   Turns: 2770, Time: 00:15:07

Health: -1/30      AC:  4    Str:  9    XL:     4   Next: 65%
Magic:  5/8        EV: 15    Int: 17    God:
Gold:   175        SH:  0    Dex: 13    Spells: 3 memorised, 3 levels left

rFire  . . .     SeeInvis +     b - +0 hunting sling
rCold  . . .     Gourm    .     x - +0 leather armour (curse)
rNeg   . . .     Faith    .     (no shield)
rPois  .         Spirit   .     (no helmet)
rElec  .         Dismiss  .     l - +0 cloak {MR+}
rCorr  .         Reflect  .     (no gloves)
SustAt .         Harm     .     (no boots)
MR     +....                    (no amulet)
Stlth  +++.......               w - ring of stealth
                                f - ring of see invisible

@: very slightly contaminated, somewhat resistant to hostile enchantments,
fairly stealthy
A: repulsion field 2, rot immunity
a: no special abilities


You were on level 3 of the Dungeon.
You were hungry.

You visited 1 branch of the dungeon, and saw 3 of its levels.

You collected 175 gold pieces.

Inventory:

Hand Weapons
 a - a +0 whip
 b - a +0 hunting sling (weapon)
Missiles
 s - 66 stones
 t - 9 sling bullets (quivered)
Armour
 e - a +0 robe
 l - a +0 cloak of magic resistance (worn)
 x - a cursed +0 leather armour (worn)
Jewellery
 f - a ring of see invisible (left hand)
 w - a ring of stealth (right hand)
Scrolls
 h - a scroll of remove curse
 k - a scroll of identify {unknown}
 n - a scroll of amnesia {unknown}
 u - a scroll of noise {unknown}
Potions
 d - a potion of lignification {unknown}
 j - a potion of might {unknown}
 m - a potion of ambrosia {unknown}
 o - 2 potions of agility {unknown}
 p - a potion of heal wounds {unknown}
 q - a potion of haste {unknown}
 v - a potion of mutation {unknown}
Books
 r - a book of Necromancy

   Spells                             Type                      Level
   a - Pain                           Necromancy                   1
   b - Animate Skeleton               Necromancy                   1
   c - Vampiric Draining              Necromancy                   3
   d - Regeneration                   Charms/Necromancy            3
   e - Animate Dead                   Necromancy                   4
   f - Control Undead                 Necromancy                   4
Comestibles
 c - 4 bread rations
 g - 3 beef jerkies
 i - a royal jelly
 z - a chunk of flesh


   Skills:
 + Level 0.2 Fighting
 + Level 0.6 Maces & Flails
 + Level 1.0 Slings
 + Level 2.5 Dodging
 + Level 1.9 Stealth
 + Level 2.6 Spellcasting
 + Level 5.3 Necromancy


You had 3 spell levels left.
You knew the following spells:

 Your Spells              Type           Power        Failure   Level  Hunger
a - Pain                  Necr           ###.         2%          1    #......
b - Vampiric Draining     Necr           ###.......   10%         3    ###....
S - Animate Skeleton      Necr           N/A          2%          1    #......


Dungeon Overview and Level Annotations

Branches:
Dungeon (3/15)

Altars:
The Shining One


Innate Abilities, Weirdness & Mutations

You are surrounded by a moderate repulsion field (EV +3).
You are immune to rotting.


Message History

The gnoll closely misses you.
The orc moves out of view.
Firing (i - inventory. (,) - cycle):
t - 10 sling bullets (quivered)
Press: ? - help, Shift-Dir - straight line, f/p - gnoll
Aim: a gnoll, wielding a spear (almost dead)
You shoot a sling bullet.
The sling bullet hits the gnoll but does no damage.
The gnoll is almost dead.
The gnoll barely misses you.
The gnoll hits you from afar with a spear!
The gnoll hits you with a spear!
* * * LOW HITPOINT WARNING * * *
Casting: Animate Skeleton
Confirm with . or Enter, or press ? or * to list all spells.
Aiming: Vampiric Draining
Press: ? - help, Shift-Dir - straight line, f/p - gnoll
Aim: a gnoll, wielding a spear (almost dead)
You miscast Vampiric Draining.
You are very lightly contaminated with residual magic.
Pain shoots through your body. The gnoll hits you with a spear.
You die...

..# ..# ### #### #..
#.# ##
#.#####.###g.g.
#.........gg.o.
##############o######
.....).......#gg@...#
############.######.#
....................#
.............########
########.#.#.#
#######


You could see 2 gnolls and an orc.

Vanquished Creatures
  2 adders (D:2)
  2 gnolls (D:3)
  2 oozes
  2 worms
  A giant gecko (D:2)
  An orc (D:3)
  4 giant cockroaches (D:1)
  6 goblins
  8 hobgoblins
  3 kobolds
  2 quokkas (D:2)
  A ball python (D:2)
  9 bats
  3 giant newts
  8 rats
54 creatures vanquished.

Vanquished Creatures (collateral kills)
  A worm (D:2)
  2 goblins (D:2)
  2 hobgoblins
  A kobold (D:1)
6 creatures vanquished.

Grand Total: 60 creatures vanquished

Notes
Turn   | Place    | Note
--------------------------------------------------------------
     0 | D:1      | nubinia the Demonspawn Necromancer began the quest for the Orb.
     0 | D:1      | Reached XP level 1. HP: 13/13 MP: 3/3
    66 | D:1      | Learned a level 1 spell: Animate Skeleton
   169 | D:1      | Gained mutation: You are surrounded by a mild repulsion field (EV +2). [demonic ancestry]
   169 | D:1      | Reached XP level 2. HP: 15/19 MP: 5/5
   394 | D:1      | Reached skill level 5 in Necromancy
  1143 | D:1      | Gained mutation: You are immune to rotting. [demonic ancestry]
  1143 | D:1      | Reached XP level 3. HP: 24/24 MP: 6/6
  1178 | D:1      | Learned a level 3 spell: Vampiric Draining
  1708 | D:2      | Found a glowing golden altar of the Shining One.
  2397 | D:2      | Gained mutation: You are surrounded by a moderate repulsion field (EV +3). [demonic ancestry]
  2397 | D:2      | Reached XP level 4. HP: 20/30 MP: 7/7
  2751 | D:3      | Reached skill level 1 in Slings
  2770 | D:3      | Slain by a gnoll

Skill      XL: |  1  2  3  4 |
---------------+-------------+-----
Necromancy     | 5 |  5.3
Dodging        | 2 |  2.5
Slings         | 1 |  1.0
Fighting       | |  0.2
Maces & Flails | |  0.6
Stealth        | |  1.9
Spellcasting   | |  2.6

Action                   |  1- 3 |  4- 6 || total
-------------------------+-------+-------++-------
Melee: Whip              |   149 |    17 ||   166
 Fire: Hunting sling     |     4 |    30 ||    34
 Cast: Animate Skeleton  |    22 |     4 ||    26
       Pain              |    17 |       ||    17
       Vampiric Draining |     3 |     1 ||     4
  Use: Scroll            |     1 |     1 ||     2
 Stab: Sleeping          |     5 |       ||     5
  Eat: Chunk             |     6 |     1 ||     7
Armor: Robe              |    18 |     3 ||    21
Dodge: Dodged            |   112 |    11 ||   123
